 Dungeon Crawl Stone Soup version 0.30.1-9-gdf580d7c3d (webtiles) character file.

Game seed: 14157985664455656422

167 Anriel the Shooter (level 5, -1/32 HPs)
             Began as a Deep Elf Hunter on Oct 2, 2023.
             Succumbed to a kobold brigand's curare-tipped dart
             ... in a sewer.
             The game lasted 00:09:47 (1512 turns).

Anriel the Shooter (Deep Elf Hunter)                Turns: 1512, Time: 00:09:48

Health: -1/32      AC:  3    Str:  7    XL:     5   Next: 23%
Magic:  7/7        EV: 13    Int: 18    God:
Gold:   160        SH:  0    Dex: 19    Spells: 4/4 levels left

rFire   . . .        a - +0 shortbow
rCold   + + .        (shield currently unavailable)
rNeg    . . .        c - +0 leather armour
rPois   .            (helmet restricted)
rElec   .            (no cloak)
rCorr   .            (no gloves)
SInv    .            (no boots)
Will    .....        (no amulet)
Stlth   ++           n - ring of protection from cold
HPRegen 0.25/turn    (no ring)
MPRegen 0.10/turn

%: no passive effects
@: lethally poisoned (-1 -> -9), slowed, invisible, very slow
A: antennae 1, clever 1, cold resistance 1
a: no special abilities


You were in a sewer.
You visited 1 branch of the dungeon, and saw 3 of its levels.
You also visited: Sewer.

You collected 160 gold pieces.

Inventory:

Hand Weapons
 a - a +0 shortbow (weapon)
Armour
 c - a +0 leather armour (worn)
Jewellery
 n - a ring of protection from cold (left hand)
Scrolls
 b - 2 scrolls of immolation
 h - a scroll of noise {unknown}
 j - 2 scrolls of fog
 q - a scroll of enchant weapon {unknown}
 r - a scroll of fear {unknown}
Potions
 d - 2 potions of berserk rage
 g - 2 potions of resistance
 i - a potion of invisibility
 k - a potion of attraction {unknown}
 m - a potion of cancellation {unknown}
 o - a potion of degeneration {unknown}


   Skills:
 * Level 3.3 Fighting
 - Level 5.3 Ranged Weapons
 + Level 3.9 Dodging
 + Level 3.4 Stealth


You had 4 spell levels left.
You didn't know any spells.
Your spell library contained the following spells:

 Spells                   Type           Power      Damage    Failure   Level
 Sting                    Tmut/Pois      0%         1d3       32%         1
 Poisonous Vapours        Pois/Air       0%         N/A       45%         2
 Olgreb's Toxic Radiance  Pois           0%         N/A       97%         4


Dungeon Overview and Level Annotations

Branches:
Dungeon (3/15)              Sewer (1/1)

Altars:


Innate Abilities, Weirdness & Mutations

You have a pair of small antennae on your head.
Your mind is acute. (Int +4, Str/Dex -1)
Your flesh is cold resistant. (rC+)


Message History

* * * LOW HITPOINT WARNING * * *
You feel yourself slow down.
You enter the shallow water.
Moving in this stuff is going to be slow.
You feel very sick.
The kobold brigand hits you with a +0 whip.
* * * LOW HITPOINT WARNING * * *
You bump into the rock wall.
You feel sick.
The kobold brigand hits you with a +0 whip.
You bump into the rock wall.
You feel sick.
The kobold brigand hits you but does no damage.
The kobold brigand closely misses you.
You feel less invigorated.
You feel less confused.
You feel sick.
The kobold brigand throws a curare-tipped dart.
The curare-tipped dart hits you.
You are lethally poisoned!
You have difficulty breathing.
You feel as though you will be slow longer.
The kobold brigand throws a curare-tipped dart.
The curare-tipped dart barely misses you.
Aiming: Quicksilver Bolt
Press: ? - help, Shift-Dir - straight line, f/p - kobold brigand
Aim: a kobold brigand, wielding a +0 whip and quivering curare-tipped darts (heavily wounded, 64% to hit)
The bolt of dispelling energy hits the kobold brigand!!
You kill the kobold brigand!
You hear a splash. x2
The now-empty wand crumbles to dust.
* * * LOW HITPOINT WARNING * * *
You feel very sick.
You have reached level 5!
It was a potion of invisibility.
You fade into invisibility!
* * * LOW HITPOINT WARNING * * *
You feel very sick.
It was a potion of mutation.
You feel extremely strange. A pair of antennae grows on your head!
You feel resistant to cold.
You feel clever.
You die...

#~~..~# ##~~~## #~.~# #.~.#
##.~.# # ##..~~# #####
#####.~~.~# #####~~~~.#
~.~~~.~~.########~)~~(#
.~~.~~.####~...~@.###~~~~.#
..~...## #~.~~~~~~# #####
~~~.~~####.~....~~#
~.~~.~~##~~..####~~.~
.~~....~.~..## #####
...~.~~~~~.## ..∩..~.~.~~#
......~~~~~# ..∩..~.~.~~#


There were no monsters in sight!

Vanquished Creatures
  A kobold brigand (Sewer)
  4 adders
  2 dart slugs
  An orc (D:3)
  9 endoplasms
  2 giant cockroaches
  A goblin (D:2)
  7 hobgoblins
  2 jackals (D:2)
  2 kobolds (D:1)
  3 quokkas (D:2)
  7 ball pythons
  4 bats
  5 frilled lizards
  7 rats
57 creatures vanquished.

Notes
Turn   | Place    | Note
-------+----------+-------------------------------------------
     0 | D:1      | Anriel the Deep Elf Hunter began the quest for the Orb.
     0 | D:1      | Reached XP level 1. HP: 12/12 MP: 3/3
   165 | D:1      | Reached XP level 2. HP: 17/17 MP: 4/4
   801 | D:2      | Reached XP level 3. HP: 22/22 MP: 5/5
   936 | D:2      | Found a faded altar of an unknown god.
  1138 | D:3      | Reached XP level 4. HP: 27/27 MP: 6/6
  1361 | D:3      | Found a glowing drain.
  1370 | Sewer    | Entered a sewer
  1464 | Sewer    | Noticed a kobold brigand
  1488 | Sewer    | Noticed a kobold brigand
  1510 | Sewer    | Killed a kobold brigand
  1511 | Sewer    | Reached XP level 5. HP: 5/32 MP: 7/7
  1512 | Sewer    | Gained mutation: You have a pair of small antennae on your
                  | head. [potion of mutation]
  1512 | Sewer    | Gained mutation: Your flesh is cold resistant. (rC+)
                  | [potion of mutation]
  1512 | Sewer    | Gained mutation: Your mind is acute. (Int +4, Str/Dex -1)
                  | [potion of mutation]
  1512 | Sewer    | Succumbed to a kobold brigand's curare-tipped dart

Illustrated notes

Levels and vault maps discovered:
D:1:      dpeg_arrival_leaves_temple_mockup, layout_basic, minivault_19,
          amcnicky_mini_rare_corridor_liquid, minmay_tromino_v7
D:2:      layout_basic, dilly_ecumenical_altar_fadedgnrine,
          hangedman_abyss_or_decor_lesser_grid
D:3:      layout_rooms, portal_sewer_entry_d
Sewer:    sewer_co_tree

Skill      XL: |  1  2  3  4 |
---------------+-------------+-----
Fighting       | 2 3 |  3.3
Stealth        | 2 3 |  3.4
Dodging        | 3 |  3.9
Ranged Weapons | |  5.3

Action                     |  1- 3 |  4- 6 || total
---------------------------+-------+-------++-------
   Fire: Shortbow          |   111 |    44 ||   155
  Throw: Throwing net      |       |     2 ||     2
  Evoke: Wand              |       |     2 ||     2
    Use: Scroll            |     8 |       ||     8
         Potion            |       |     3 ||     3
 Armour: Leather armour    |    15 |     2 ||    17
  Dodge: Dodged            |    35 |    11 ||    46
